 Dungeon Crawl Stone Soup version 0.28-a0-1339-ga5422284a4 (webtiles) character file.

Game seed: 10250777366295147400

469 bande the Chopper (level 7, -9/44 HPs)
             Began as a Gargoyle Fighter on Dec 29, 2021.
             Mangled by a yak (12 damage)
             ... on level 4 of the Dungeon.
             The game lasted 00:08:41 (4735 turns).

bande the Chopper (Gargoyle Fighter)                Turns: 4735, Time: 00:08:42

Health: -9/44      AC: 16    Str: 19    XL:     7   Next: 9%
Magic:  7/7        EV:  7    Int:  9    God:
Gold:   179        SH:  4    Dex: 11    Spells: 6/6 levels left

rFire   . . .      SeeInvis .   a - +0 war axe
rCold   . . .      Faith    .   c - +0 buckler
rNeg    + . .      Spirit   .   f - +0 chain mail
rPois   ∞          Reflect  .   (no helmet)
rElec   +          Harm     .   (no cloak)
rCorr   .          Rampage  .   i - +1 pair of gloves
Will    .....                   (no boots)
Stlth   ..........              (no amulet)
HPRegen 0.14/turn               (no ring)
MPRegen 0.10/turn               (no ring)

@: no status effects
A: sickness immunity, AC +4, negative energy resistance 1, electricity
resistance, torment resistance 1, petrification resistance
a: no special abilities


You were on level 4 of the Dungeon.
You visited 1 branch of the dungeon, and saw 5 of its levels.

You collected 179 gold pieces.

Inventory:

Hand Weapons
 a - a +0 war axe (weapon)
Armour
 c - a +0 buckler (worn)
 f - a +0 chain mail (worn)
 i - a +1 pair of gloves (worn)
Scrolls
 h - a scroll of enchant armour
Potions
 b - 2 potions of flight {unknown}
 d - 2 potions of might
 e - 3 potions of curing
 g - a potion of haste
 j - a potion of resistance
 k - a potion of heal wounds
 l - a potion of berserk rage
 m - a potion of lignification {unknown}


   Skills:
 + Level 4.6 Fighting
 + Level 4.8 Axes
 + Level 4.8 Armour
 + Level 4.2 Shields


You had 6 spell levels left.
You didn't know any spells.
Your spell library contained the following spells:

 Spells                   Type           Power      Damage    Failure   Level
 Corpse Rot               Necr/Air       0%         N/A       100%        2
 Dispel Undead            Necr           0%         3d6       100%        4
 Death Channel            Necr           0%         N/A       100%        6


Dungeon Overview and Level Annotations

Branches:
Dungeon (5/15)
 Temple: D:4-7

Altars:
Fedhas

Shops:
D:4 *   D:5 =


Innate Abilities, Weirdness & Mutations

You are immune to sickness and miasma.
Your stone body is resilient. (AC +4)
You are immune to poison.
You resist negative energy. (rN+)
You are resistant to electric shocks. (rElec)
You are resistant to unholy torment.
You are immune to petrification.


Message History

You hit the yak but do no damage.
The yak is lightly wounded.
The yak gores you! x2
You hit the yak.
The yak is lightly wounded.
The yak gores you!
* * * LOW HITPOINT WARNING * * *
You are too injured to fight recklessly!
You are too injured to fight recklessly!
You are too injured to fight recklessly!
You are too injured to fight recklessly!
You are too injured to fight recklessly!
You are too injured to fight recklessly!
You are too injured to fight recklessly!
The yak gores you but does no damage.
You see here a hound corpse.
You open the door. The yak gores you but does no damage.
There is an open door here.
There is an escape hatch in the ceiling here.
A mysterious force pulls you upwards. The hatch slams shut behind you.
You barely miss the yak. The yak gores you.
* * * LOW HITPOINT WARNING * * *
You block the yak's attack.
You barely miss the yak. The yak gores you but does no damage.
You hit the yak but do no damage. The yak gores you but does no damage.
You hit the yak.
The yak is lightly wounded.
You block the yak's attack.
You slash the yak!
The yak is moderately wounded.
The yak gores you!
* * * LOW HITPOINT WARNING * * *
The yak barely misses you.
You slash the yak!
The yak is severely wounded.
The yak barely misses you.
You closely miss the yak.
The yak is severely wounded.
The yak gores you!
You die...

#............#########.##..#
#.#####.####..........(###.#
#.# #.# #..########## #.#
#.#####.# #..# #.# #.#.....#
#..# ##.# #.#.##### #..###
#..# #.#.## #....# #.##
#....#######Y##.# #.#
#...........@##.# #.#
##...##########.#########.#
##.## #................# #.#
#.####.########..# #.#
#.####.# #..# #.# #......#
#.<# #.# #.###### #..# #?#
#.# #..# #.# ##.# #..#


You could see a yak.

Vanquished Creatures
  A centaur (D:5)
  A scorpion (D:5)
  A howler monkey (D:4)
  A bullfrog zombie (D:3)
  2 hounds
  An orc wizard (D:3)
  2 hound skeletons (D:4)
  A howler monkey skeleton (D:5)
  7 adders
  An adder zombie (D:5)
  An adder skeleton (D:5)
  3 dart slugs
  5 orcs
  5 ball pythons
  6 endoplasms
  3 giant cockroaches
  4 goblins
  7 hobgoblins
  4 jackals (D:3)
  3 kobolds
  3 quokkas
  3 bats
  A frilled lizard (D:2)
  8 rats
74 creatures vanquished.

Vanquished Creatures (others)
  An orc wizard (D:3)
  3 fungi (D:5)
  6 plants (D:3)
  3 toadstools (D:5)
13 creatures vanquished.

Grand Total: 87 creatures vanquished

Notes
Turn   | Place    | Note
-------+----------+-------------------------------------------
     0 | D:1      | bande the Gargoyle Fighter began the quest for the Orb.
     0 | D:1      | Reached XP level 1. HP: 14/14 MP: 1/1
   100 | D:1      | Found a faded altar of an unknown god.
   127 | D:1      | Reached XP level 2. HP: 19/19 MP: 2/2
  1016 | D:2      | Reached XP level 3. HP: 24/24 MP: 3/3
  1486 | D:2      | Reached XP level 4. HP: 26/29 MP: 4/4
  1792 | D:2      | Found a blossoming altar of Fedhas.
  2291 | D:3      | Reached XP level 5. HP: 32/33 MP: 5/5
  3402 | D:4      | Reached XP level 6. HP: 39/39 MP: 6/6
  3663 | D:4      | Found Cuar's General Store.
  3947 | D:5      | Entered Level 5 of the Dungeon
  4342 | D:5      | Found Papocallo's Jewellery Emporium.
  4435 | D:5      | Reached XP level 7. HP: 29/44 MP: 7/7
  4672 | D:5      | Noticed a yak
  4673 | D:5      | Noticed a yak
  4674 | D:5      | Noticed a yak
  4674 | D:5      | Noticed a yak
  4733 | D:4      | HP: 2/44 [yak (11)]
  4735 | D:4      | Mangled by a yak

Illustrated notes

Levels and vault maps discovered:
D:1:      scummos_arrival_hexagon, layout_basic,
          chequers_ecumenical_altar_simple, lemuel_another_geyser
D:2:      layout_rooms, basic_altar
D:3:      layout_loops_ring, serial_bayou_crossing
D:4:      layout_loops_ring, serial_shops, nicolae_shop_stone
D:5:      layout_loops_corners, kennysheep_little_box, serial_shops,
          nicolae_shop_behind_doors, minmay_gold_behind_fungi

Skill      XL: |  1  2  3  4  5 |
---------------+----------------+-----
Axes           | 2 3 4 |  4.8
Fighting       | 4 |  4.6
Armour         | 4 |  4.8
Shields        | 4 |  4.2

Action                   |  1- 3 |  4- 6 |  7- 9 || total
-------------------------+-------+-------+-------++-------
Melee: War axe           |    95 |   180 |    17 ||   292
  Use: Scroll            |     1 |     9 |       ||    10
       Potion            |       |     2 |       ||     2
Armor: Scale mail        |    16 |       |       ||    16
       Chain mail        |    47 |   150 |    13 ||   210
Dodge: Dodged            |    43 |    55 |     4 ||   102
Block: Buckler           |    13 |    35 |     3 ||    51

Table legend: (Time is in decaauts)
 A = Elapsed time spent in this place.
 B = Non-inter-level travel time spent in this place.
 C = Inter-level travel time spent in this place.
 D = Time resting spent in this place.
 E = Time spent auto-exploring this place.
 F = Levels seen in this place.
 G = Mean time per level.
                   A        B        C        D        E       F      G
               +--------+--------+--------+--------+--------+-----+--------+
         Total |   4841 |   4810 |     31 |    693 |   3171 |   5 |  968.2 |
       Dungeon |   4841 |   4810 |     31 |    693 |   3171 |   5 |  968.2 |
               +--------+--------+--------+--------+--------+-----+--------+

Top non-repeatable levels by time:
     D:3: 1282 daAuts
     D:1: 1015 daAuts
     D:4: 886 daAuts
     D:2: 861 daAuts
     D:5: 794 daAuts
